 Dungeon Crawl Stone Soup version 0.30-a0-857-gcaf70739d4 (webtiles) character file.

Game seed: 16911709479802230874

17 Esekla the Sneak (level 2, -4/21 HPs)
             Began as an Octopode Delver on Mar 6, 2023.
             Killed from afar by a white imp (10 damage)
             ... with a puff of frost
             ... on level 5 of the Dungeon.
             The game lasted 00:01:46 (214 turns).

Esekla the Sneak (Octopode Delver)                   Turns: 214, Time: 00:01:47

Health: -4/21      AC:  1    Str: 11    XL:     2   Next: 62%
Magic:  2/2        EV: 13    Int: 12    God:
Gold:   0          SH:  0    Dex: 13    Spells: 1/1 levels left

rFire   . . .      SeeInvis .    a - +0 falchion
rCold   . . .      Faith    .    (no shield)
rNeg    . . .      Spirit   .    (helmet restricted)
rPois   .          Reflect  .    (no amulet)
rElec   .          Rampage  .    (no ring)
rCorr   .                        (no ring)
Will    .....                    (no ring)
Stlth   ++++                     (no ring)
HPRegen 0.23/turn                (no ring)
MPRegen 0.08/turn                (no ring)
                                 (no ring)
                                 (no ring)

@: lethally poisoned (-4 -> -7), hasted, very quick
A: almost no armour, amphibious, 8 rings, camouflage 1, gelatinous body 1,
(nimble swimmer 1), tentacles
a: no special abilities


You were on level 5 of the Dungeon.
You visited 1 branch of the dungeon, and saw 1 of its levels.

Inventory:

Hand Weapons
 a - a +0 falchion (weapon)
 c - a +0 dagger
Missiles
 d - 2 boomerangs (quivered)
Wands
 f - a wand of digging (3)
Scrolls
 b - a scroll of fog


   Skills:
 * Level 3.1 Fighting
 * Level 2.1 Long Blades
 * Level 2.2 Dodging
 + Level 7.0 Stealth
 * Level 0.4 Spellcasting


You had one spell level left.
You didn't know any spells.
Your spell library was empty.

Dungeon Overview and Level Annotations

Branches:
Dungeon (5/15)             Temple (0/1) D:5

Altars:
Ru


Innate Abilities, Weirdness & Mutations

You cannot wear most types of armour.
You are amphibious.
You can wear up to eight rings at the same time.
Your skin changes colour to match your surroundings (Stealth+).
Your rubbery body absorbs attacks. (AC +1, EV +1)
((You are camouflaged when in or above water. (Stealth+)))
You have tentacles for arms and can constrict up to eight enemies at once.


Message History

There is an open door here.
You open the door.
There is an open door here.
You open the door.
Found a spear.
Found a sacrificial altar of Ru.
There is an open door here.
You open the door.
There is an open door here.
As you open the door, it creaks loudly!
Something shouts, "Turn tail, thou churlish idle-headed mammet!"
You hear an angry hiss.
You hear a shout!
A white imp comes into view. x2
The white imp gestures at you. The puff of frost misses you.
There is an open door here.
The white imp attacks as you move away!
The white imp hits you but does no damage.
A scorpion comes into view.
Found a scroll of fear.
An adder comes into view.
You completely miss the white imp. Your grab misses the white imp.
The white imp hits you. The white imp freezes you.
You barely miss the white imp. You grab the white imp.
You squeeze the white imp.
The white imp is moderately wounded.
You constrict the white imp, but do no damage.
The white imp barely misses you. The adder barely misses you.
Okay, then.
You feel yourself speed up.
You constrict the white imp. The white imp gestures at you.
The puff of frost hits you! The white imp barely misses you.
The adder bites you.
You are poisoned.
The adder poisons you!
You aren't carrying any potions.
Unknown command.
You release your grip on the white imp.
You feel sick. The white imp gestures at you. The puff of frost hits you!
You die...

*,,,,,,,,* *,*..,,,,*..,,,,*,*,*
**,,,,,,,* *,,?.***,..****,*,*,**
,,,,,,,,,* ***#.**##.*****,*,,,,,
,,,,****,*****,.**..,,,,,,,,,,,,,
*,****,,,,**,,,.##5#,****,,*,,,,,
*,,***+**+##+###...#,,,,,,,,,,,,,
****,,,,,#.....#.s#**,,,**,,**,,*
****,,,,,#.....#S#* **,****,,,,**
**,+**+**+**+##5@# *,** **,,**
,,,*,,*,,,,,#..#.# *,,** *,,* *
**,*,,#+###+#..#.# **,,,***,,***
*,*,,#.....#..#.# *,,*,,,,,,,,,
*,+,,+.._..'..+.#***,,*,,,,,,,,,
***,,#...).#..###*,,,,,,***,,***
*,,#+###'#..#**,,**,,** *,,* *
****,,#.....#..#*,,***,** **,,**
*,,+**+##+##'##+,,** *,****,,,,**


You could see a scorpion, an adder and 2 white imps.

Vanquished Creatures
  An adder (D:5)
  4 orcs (D:5)
5 creatures vanquished.

Vanquished Creatures (others)
  A plant (D:5)
1 creature vanquished.

Grand Total: 6 creatures vanquished

Notes
Turn   | Place    | Note
-------+----------+-------------------------------------------
     0 | D:5      | Esekla the Octopode Delver began the quest for the Orb.
     0 | D:5      | Reached XP level 1. HP: 16/16 MP: 1/1
    46 | D:5      | Noticed a black bear
    61 | D:5      | Reached XP level 2. HP: 17/21 MP: 2/2
   130 | D:5      | Reached skill level 7 in Stealth
   200 | D:5      | Found a sacrificial altar of Ru.
   210 | D:5      | Noticed a scorpion
   214 | D:5      | Killed from afar by a white imp

Illustrated notes

Levels and vault maps discovered:
D:5:      layout_loops_ring, mainiacjoe_overflow_24_doors,
          minmay_temple_entry_overgrown, palyth_stone_intersect,
          minmay_misc_feat_iff

Skill      XL: |  1  2 |
---------------+-------+-----
Stealth        | 7 |  7.0
Fighting       | |  3.1
Long Blades    | |  2.1
Dodging        | |  2.2
Spellcasting   | |  0.4

Action                     || total
---------------------------++-------
  Melee: Falchion          ||    13
         Constrict         ||     5
         Tentacles         ||     3
    Use: Scroll            ||     2
         Potion            ||     1
   Stab: Distracted        ||     1
 Armour: Skin              ||     1
  Dodge: Dodged            ||    15

Table legend: (Time is in decaauts)
 A = Elapsed time spent in this place.
 B = Non-inter-level travel time spent in this place.
 C = Inter-level travel time spent in this place.
 D = Time resting spent in this place.
 E = Time spent auto-exploring this place.
 F = Levels seen in this place.
 G = Mean time per level.
                   A        B        C        D        E       F      G
               +--------+--------+--------+--------+--------+-----+--------+
         Total |    216 |    216 |      0 |     69 |      0 |   1 |  216.0 |
       Dungeon |    216 |    216 |      0 |     69 |      0 |   1 |  216.0 |
               +--------+--------+--------+--------+--------+-----+--------+

Top non-repeatable levels by time:
     D:5: 216 daAuts
